 Dungeon Crawl Stone Soup version 0.28-a0-662-g1651b1f1e0 (webtiles) character file.

Game seed: 5052979780712972635

299 freelancePsychic the Skirmisher (level 6, -3/49 HPs)
             Began as a Djinni Cinder Acolyte on Oct 14, 2021.
             Was a High Priest of Ignis.
             Slain by a river rat (6 damage)
             ... in a sewer.
             The game lasted 00:04:52 (3512 turns).

freelancePsychic the Skirmisher (DjCA)              Turns: 3512, Time: 00:04:52

Health: -3/49      AC:  3    Str: 11 (13) XL:     6   Next: 63%
Gold:   135        EV: 11    Int: 22 (23) God:    Ignis [*****.] SH:  0 Dex:  6 (9)

rFire   + + +      SeeInvis .   h - +3 dagger (venom)
rCold   x . .      Faith    .   (no shield)
rNeg    . . .      Spirit   .   b - +1 robe
rPois   ∞          Reflect  .   (no helmet)
rElec   .          Harm     .   (no cloak)
rCorr   .          Rampage  .   (no gloves)
Will    .....                   (boots unavailable)
Stlth   +.........              (no amulet)
HPRegen 0.16/turn               a - +6 ring of intelligence
MPRegen 0.00/turn               (no ring)

@: flying
A: sickness immunity, fire resistance 2, cold vulnerability 1, float, innate
caster, hp casting, extra vitality 1
a: Renounce Religion, Sea of Fire, Foxfire Swarm, Rising Flame


You were in a sewer.
You worshipped Ignis.
Ignis was extremely pleased with you.
You visited 1 branch of the dungeon, and saw 4 of its levels.
You also visited: Sewer.

You collected 135 gold pieces.

Inventory:

Hand Weapons
 h - a +3 dagger of venom (weapon)
Missiles
 n - a throwing net
Armour
 b - a +1 robe (worn)
Magical Staves
 k - a staff of conjuration
Jewellery
 a - a +6 ring of intelligence (left hand)
Wands
 m - a wand of mindburst (10)
Scrolls
 c - a scroll of identify {@r1}
 f - a scroll of enchant armour
Potions
 d - a potion of curing {unknown}
 e - a potion of invisibility {unknown}
 i - a potion of degeneration
 j - a potion of lignification {unknown}
 l - a potion of haste {unknown}
 q - a potion of resistance {unknown}
 r - a potion of mutation {unknown}
 s - a potion of magic {unknown}


   Skills:
 + Level 4.9 Fighting
 - Level 2.1(2.8) Short Blades
 - Level 2.6(3.1) Long Blades
 + Level 3.8 Spellcasting


You had 7 spell levels left.
You knew the following spells:

 Your Spells              Type           Power      Damage    Failure   Level
a - Scorch                Fire           42%        2d7       3%          2
b - Apportation           Tloc           42%        N/A       2%          1
c - Blink                 Tloc           N/A        N/A       3%          2
Your spell library was empty.

Dungeon Overview and Level Annotations

Branches:
Dungeon (4/15)              Sewer (1/1)
 Temple: D:4-7

Altars:
Nemelex Xobeh
Okawaru
Qazlal
Trog
Uskayaw

Shops:
D:1 [

Annotations:
D:4 Blork the orc


Innate Abilities, Weirdness & Mutations

You are immune to sickness and miasma.
You are immune to poison.
Your flesh is very heat resistant. (rF++)
You are vulnerable to cold. (rC-)
You float through the air rather than walking.
You learn spells naturally, not from books.
Your magical power is your life essence.
You have superior vitality. (+4 HP)


Message History

There is an empty arch of ancient stone here.
There is a gate leading back out of this place here.
You barely miss the rat. You closely miss the rat. The rat barely misses you.
You barely miss the rat. The rat bites you.
You closely miss the rat. The rat bites you.
You hit the rat.
The rat is poisoned.
The rat is heavily wounded.
You kill the rat!
The river rat closely misses you.
You hit the rat.
The rat is poisoned.
The rat is heavily wounded.
The rat barely misses you. The river rat bites you.
You hit the rat.
You kill the rat!
The river rat bites you.
You see here a rat corpse.
Casting: Scorch (safe; 3% risk of failure)
Confirm with . or Enter, or press ? or * to list all spells.
Flames lash the rat.
You kill the rat!
* * * LOW HITPOINT WARNING * * *
The river rat barely misses you.
You hit the river rat but do no damage.
The river rat is poisoned.
You closely miss the river rat.
The river rat is lightly wounded.
The river rat bites you.
* * * LOW HITPOINT WARNING * * *
Casting: Scorch (safe; 3% risk of failure)
Confirm with . or Enter, or press ? or * to list all spells.
Flames lash the rat.
You kill the rat!
* * * LOW HITPOINT WARNING * * *
The river rat bites you!
* * * LOW HITPOINT WARNING * * *
It was a potion of degeneration.
There was something very wrong with that liquid.
You feel weakened.
You feel dopey.
You feel clumsy. The river rat bites you.
You die... ############### #.@r†∩.∩......≈ ###############

You could see a river rat (very poisoned).

Vanquished Creatures
  A necrophage (D:4)
  A bullfrog skeleton (D:4)
  An iguana (D:4)
  7 gnolls
  3 adders (D:2)
  An ufetubus (D:4)
  2 worms
  2 dart slugs
  5 endoplasms
  4 giant cockroaches
  7 goblins
  A hobgoblin (D:1)
  4 jackals (D:2)
  5 kobolds
  2 quokkas
  5 ball pythons
  3 bats (D:1)
  2 frilled lizards
  7 rats
63 creatures vanquished.

Notes
Turn   | Place    | Note
-------+----------+-------------------------------------------
     0 | D:1      | freelancePsychic the Djinni Cinder Acolyte began the quest
                  | for the Orb.
     0 | D:1      | Reached XP level 1. HP: 20/20 MP: 0/0
   134 | D:1      | Reached XP level 2. HP: 18/25 MP: 0/0
   291 | D:1      | Found Toinimpi's Armour Shop.
   316 | D:1      | Reached skill level 1 in Short Blades
   560 | D:1      | Reached XP level 3. HP: 24/30 MP: 0/0
   560 | D:1      | Learned a level 1 spell: Apportation
  1063 | D:2      | Reached XP level 4. HP: 37/37 MP: 0/0
  1305 | D:2      | Found an iron altar of Okawaru.
  1380 | D:2      | Found a faded altar of an unknown god.
  1781 | D:3      | Reached XP level 5. HP: 12/41 MP: 0/0
  1781 | D:3      | Learned a level 2 spell: Blink
  2020 | D:3      | Found a sparkling altar of Nemelex Xobeh.
  2021 | D:3      | Found a bloodstained altar of Trog.
  2021 | D:3      | Found a hide-covered altar of Uskayaw.
  2226 | D:3      | Reached skill level 4 in Fighting
  3068 | D:4      | Noticed a necrophage
  3076 | D:4      | Killed a necrophage
  3077 | D:4      | Reached XP level 6. HP: 35/48 MP: 0/0
  3095 | D:4      | Found a stormy altar of Qazlal.
  3400 | D:4      | Noticed Blork the orc
  3485 | D:4      | Found a glowing drain.
  3495 | Sewer    | Entered a sewer
  3512 | Sewer    | Slain by a river rat

Illustrated notes

Levels and vault maps discovered:
D:1:      lemuel_arrival_funnel, layout_rooms, serial_shops, shop
D:2:      layout_loops_ring, basic_altar, hellmonk_ecumenical_altar_lost_god
D:3:      layout_basic, gammafunk_temple_overflow_forgotten
D:4:      layout_loops_corners, general_overflow_altar,
          beargit_hepliaklqana_dungeon_heroes, overflow_temple_1_default,
          nicolae_ru_the_path_less_chosen, cheibrodos_sewer_entry_bend,
          hangedman_decor_opposing
Sewer:    sewer_kobolds

Skill      XL: |  1  2  3  4  5 |
---------------+----------------+-----
Short Blades   | 1 2 |  2.1
Spellcasting   | 3 |  3.8
Fighting       | 4 |  4.9
Long Blades    | |  2.6

Action                   |  1- 3 |  4- 6 || total
-------------------------+-------+-------++-------
Melee: Falchion          |     7 |       ||     7
       Dagger            |    48 |    78 ||   126
 Cast: Scorch            |     3 |    29 ||    32
       Apportation       |     3 |       ||     3
  Use: Scroll            |       |     8 ||     8
       Potion            |       |     1 ||     1
Armor: Robe              |    11 |    13 ||    24
Dodge: Dodged            |    22 |    42 ||    64

Table legend: (Time is in decaauts)
 A = Elapsed time spent in this place.
 B = Non-inter-level travel time spent in this place.
 C = Inter-level travel time spent in this place.
 D = Time resting spent in this place.
 E = Time spent auto-exploring this place.
 F = Levels seen in this place.
 G = Mean time per level.
                   A        B        C        D        E       F      G
               +--------+--------+--------+--------+--------+-----+--------+
         Total |   3496 |   3419 |     77 |    138 |   2682 |   5 |  699.2 |
       Dungeon |   3481 |   3404 |     77 |    138 |   2682 |   4 |  870.2 |
         Sewer |     15 |     15 |      0 |      0 |      0 |   1 |   15.0 |
               +--------+--------+--------+--------+--------+-----+--------+

Top non-repeatable levels by time:
     D:3: 1302 daAuts
     D:1: 925 daAuts
     D:2: 794 daAuts
     D:4: 457 daAuts
   Sewer: 15 daAuts
